 Dungeon Crawl Stone Soup version 0.29.0-4-gdea44cf6ec (webtiles) character file.

Game seed: 15690265031825791244

20137 qw the Severer (level 12, -1/72 HPs)
             Began as a Tengu Warper on Aug 28, 2022.
             Was a High Priest of Okawaru.
             Slain by a redback (3 damage)
             ... on level 3 of the Lair of Beasts.
             The game lasted 00:01:26 (13030 turns).

qw the Severer (Tengu Warper)                      Turns: 13030, Time: 00:01:27

Health: -1/72      AC: 23    Str: 16    XL:     12   Next: 76%
Magic:  20/20      EV: 14    Int: 13    God:    Okawaru [*****.]
Gold:   534        SH:  5    Dex: 15    Spells: 15/15 levels left

rFire   . . .      SeeInvis .   s - +6 war axe (freeze)
rCold   . . .      Faith    .   (no shield)
rNeg    . . .      Spirit   .   q - +0 plate armour
rPois   .          Reflect  +   o - +0 hat {Will+}
rElec   .          Harm     .   k - +2 cloak
rCorr   .          Rampage  .   r - +2 pair of gloves
Will    ++...                   (boots unavailable)
Stlth   ..........              d - amulet of reflection
HPRegen 0.22/turn               j - ring of willpower
MPRegen 0.17/turn               m - +4 ring of evasion

@: lethally poisoned (-1 -> -20), about to teleport, heroic, flying quickly and
evasively, quick
A: beak, talons 3, nimble flight
a: Renounce Religion, Heroism, Finesse, Duel


You were on level 3 of the Lair of Beasts.
You worshipped Okawaru.
Okawaru was extremely pleased with you.
You visited 2 branches of the dungeon, and saw 11 of its levels.

You collected 534 gold pieces.


Innate Abilities, Weirdness & Mutations

You have a beak for a mouth.
You have claws for feet.
Your magical nature lets you fly swiftly and evasively.


   Skills:
 + Level 7.4(12.4) Fighting
 - Level 15.0(20.0) Axes
 - Level 5.0(10.0) Throwing
 - Level 8.0(13.0) Armour
 - Level 4.0(9.0) Dodging
 - Level 2.0 Spellcasting
 - Level 2.4 Translocations
 + Level 9.6 Invocations


You had 15 spell levels left.
You didn't know any spells.
Your spell library contained the following spells:

 Spells                   Type           Power      Damage    Failure   Level
 Blink                    Tloc           14%        N/A       98%         2
 Gell's Gravitas          Tloc           7%         N/A       100%        3
 Lesser Beckoning         Tloc           7%         N/A       100%        3
 Teleport Other           Tloc           7%         N/A       100%        3
 Manifold Assault         Tloc           7%         N/A       100%        5

Inventory:

Hand Weapons
 p - a +0 morningstar
 s - a +6 war axe of freezing (weapon)
Missiles
 b - 7 boomerangs
 n - 3 javelins (quivered)
Armour
 k - a +2 cloak (worn)
 o - a +0 hat of willpower (worn)
 q - a +0 plate armour (worn)
 r - a +2 pair of gloves (worn)
Jewellery
 d - an amulet of reflection (around neck)
 g - a ring of resist corrosion
 i - a ring of ice
 j - a ring of willpower (left hand)
 m - a +4 ring of evasion (right hand)
Scrolls
 h - 7 scrolls of identify
 l - 3 scrolls of teleportation
 t - a scroll of brand weapon {unknown}
Potions
 a - a potion of mutation
 c - 3 potions of haste
 e - 3 potions of curing

Dungeon Overview and Level Annotations

Branches:
Dungeon (8/15)             Temple (0/1) D:7            Lair (3/5) D:8
  Swamp: Lair:2-3    Shoals: Lair:2-3     Snake: Lair:2-3    Spider: Lair:2-3

Altars:
Ashenzari
Cheibriados
Dithmenos
Elyvilon
Hepliaklqana
Kikubaaqudgha
Makhleb
Nemelex Xobeh
Okawaru
Ru
Sif Muna
Uskayaw
Vehumet
Wu Jian
Zin
The Shining One

Shops:
D:1 !

Annotations:
D:5 1 runed translucent door, Crazy Yiuf


Message History

You feel very sick.
The redback bites you but does no damage.
You block the black mamba's attack.
The redback is healed somewhat.
You miss the black mamba.
You claw the black mamba, but do no damage.
Your peck misses the black mamba.
The black mamba is almost dead.
You barely miss the redback. You slash the water moccasin!
You freeze the water moccasin!
You feel very sick. The redback bites you. The black mamba barely misses you.
The water moccasin misses you.
13028 ||| READING 4 scrolls of teleportation.
As you read the scroll of teleportation, it crumbles to dust.
You feel strangely unstable.
You feel very sick.
The water moccasin is no longer moving slowly.
The black mamba bites you. You block the redback's attack.
The black mamba misses you. The redback bites you.
You are more poisoned.
The redback poisons you! You block the water moccasin's attack.
13029 ||| DRINKING 4 potions of curing.
You feel better.
13029 ||| (to cure bad poison)
The black mamba bites you but does no damage.
The redback barely misses you. You block the water moccasin's attack.
The redback's wounds heal themselves!
The black mamba bites you!
You are lethally poisoned!
The black mamba poisons you!
You slice the water moccasin!!
The water moccasin seems to slow down.
You freeze the water moccasin.
You kill the water moccasin!
Okawaru accepts your kill.
You slash the black mamba!
The black mamba seems to slow down.
You freeze the black mamba.
You kill the black mamba!
Okawaru accepts your kill.
You slash the redback! You freeze the redback.
You feel very sick. The redback misses you. The redback bites you.
You die...

.# #..~~~~~~~~~.~.#
.###.#~.~~~~~~.#.##~~##
##.......~~....###~~~~#
.?......##~##..###~~~~#
#....#.######..##~~~~~#
......##P.# #P.##~~~~#
..........# #..#~~~~#
.....####.# #P..~~~#
#...%## #.ls@~# ##..#s#
#...%..s..#
#.sS#s#.###(S.....#
.#lSl)...Y((YY....#
..YY%#.#######....#
..YY#### #...~~ ..S##
###~~~ #.h# ##~~~ #...


You could see 3 elephants, a komodo dragon, a culicivora, a water moccasin and a
redback.

Vanquished Creatures
  Gastronok (Lair:1)
  2 hydras (Lair:2)
  2 catoblepae
  Pikel (D:8)
  A wolf spider (Lair:3)
  A black mamba (Lair:3)
  7 elephants
  A merfolk siren (Lair:3)
  3 cane toads
  8 komodo dragons
  2 polar bears (Lair:2)
  A hornet (D:8)
  3 basilisks
  34 yaks
  3 wyverns
  2 steam dragons
  Edmund (D:4)
  2 water moccasins
  2 sky beasts (D:6)
  3 ice beasts
  2 orc warriors
  2 black bears
  A centaur (D:6)
  A phantom (D:6)
  4 lemures (D:8)
  3 kobold brigands
  5 bullfrogs
  A necrophage (D:4)
  A gnoll sergeant (D:8)
  4 scorpions
  4 wights (D:7)
  10 killer bees
  3 howler monkeys (D:7)
  An orc priest (D:7)
  7 hounds
  2 jellies
  2 gnoll boudas
  Jessica (D:2)
  An iguana (D:6)
  4 orc wizards
  15 gnolls
  11 adders
  A river rat (D:4)
  2 white imps
  2 worms (D:2)
  6 dart slugs
  22 orcs
  4 bats
  11 endoplasms
  5 giant cockroaches
  3 goblins
  10 hobgoblins
  4 jackals
  24 kobolds
  2 quokkas
  10 ball pythons
  A frilled lizard (D:2)
  2 rats
274 creatures vanquished.

Vanquished Creatures (others)
  7 fungi
  15 plants
22 creatures vanquished.

Grand Total: 296 creatures vanquished

Notes
Turn   | Place    | Note
-------+----------+-------------------------------------------
     0 | D:1      | qw the Tengu Warper began the quest for the Orb.
     0 | D:1      | Reached XP level 1. HP: 12/12 MP: 4/4
     0 | D:1      | 0 ||| qw: Version: 0.1-a-89-g26bdef1
     0 | D:1      | 0 ||| qw: Game counter: 2577
     0 | D:1      | 0 ||| qw: Always use a shield: true
     0 | D:1      | 0 ||| qw: God list: Okawaru
     0 | D:1      | 0 ||| qw: Allow faded altars: false
     0 | D:1      | 0 ||| qw: Do Orc after D:15 true
     0 | D:1      | 0 ||| qw: Do second Lair branch before Depths: true
     0 | D:1      | 0 ||| qw: Lair rune preference: random
     0 | D:1      | 0 ||| qw: Plans: Normal
     0 | D:1      | 0 ||| PLANNING D:1-11
   199 | D:1      | Found a faded altar of an unknown god.
   302 | D:1      | 302 ||| Stepping ~*~*~tactically~*~*~ (stealth).
   308 | D:1      | Reached XP level 2. HP: 17/17 MP: 6/6
   344 | D:1      | Reached skill level 3 in Axes
   563 | D:1      | Found Yrphawocu's Distillery.
   566 | D:1      | 566 ||| SHOPLISTING potion of might (48 gold, have 33).
   566 | D:1      | 566 ||| SHOPLISTING potion of mutation (96 gold, have 33).
   830 | D:1      | 830 ||| Stepping ~*~*~tactically~*~*~ (stealth).
   832 | D:1      | 832 ||| Stepping ~*~*~tactically~*~*~ (stealth).
   834 | D:1      | 834 ||| Stepping ~*~*~tactically~*~*~ (hiding).
   843 | D:1      | Reached XP level 3. HP: 21/21 MP: 7/7
  1247 | D:1      | 1247 ||| UPGRADING to +0 scale mail.
  1257 | D:1      | 1257 ||| DROPPING +0 leather armour.
  1258 | D:1      | 1258 ||| UPGRADING to +0 cloak.
  1263 | D:1      | 1263 ||| UPGRADING to ring of willpower.
  1264 | D:1      | 1264 ||| UPGRADING to +4 ring of evasion.
  1265 | D:1      | 1265 ||| READING 3 scrolls labelled CINEIV ENEISAT.
  1266 | D:1      | 1266 ||| READING 2 scrolls of enchant armour.
  1266 | D:1      | 1266 ||| ENCHANTING +0 cloak.
  1267 | D:1      | 1267 ||| READING scroll of enchant armour.
  1267 | D:1      | 1267 ||| ENCHANTING +1 cloak.
  1268 | D:1      | 1268 ||| READING 2 scrolls labelled SOSIPRYDGHINN.
  1269 | D:1      | 1269 ||| READING scroll labelled FOAPSO QUINK.
  1270 | D:1      | 1270 ||| DRINKING 2 fuming puce potions.
  1271 | D:1      | 1271 ||| DROPPING scroll of blinking.
  1272 | D:1      | 1272 ||| DROPPING potion of degeneration.
  1323 | D:2      | 1323 ||| READING scroll of enchant weapon.
  1323 | D:2      | 1323 ||| ENCHANTING +1 hand axe.
  1367 | D:2      | Reached skill level 4 in Axes
  1617 | D:2      | Noticed Jessica
  1618 | D:2      | 1618 ||| Stepping ~*~*~tactically~*~*~ (hiding).
  1623 | D:2      | Killed Jessica
  1624 | D:2      | Reached XP level 4. HP: 21/26 MP: 8/8
  1704 | D:2      | 1704 ||| Stepping ~*~*~tactically~*~*~ (stealth).
  1846 | D:2      | Reached skill level 5 in Axes
  1851 | D:2      | 1851 ||| Stepping ~*~*~tactically~*~*~ (stealth).
  1869 | D:2      | 1869 ||| Stepping ~*~*~tactically~*~*~ (stealth).
  1871 | D:2      | 1871 ||| Stepping ~*~*~tactically~*~*~ (stealth).
  2390 | D:2      | 2390 ||| READING scroll labelled SUCOVI CUREOT.
  2391 | D:2      | 2391 ||| READING scroll labelled WILUREO YBEGGU.
  2394 | D:2      | 2394 ||| READING 5 scrolls of identify.
  2394 | D:2      | 2394 ||| IDENTIFYING black potion
  2395 | D:2      | 2395 ||| READING 4 scrolls of identify.
  2395 | D:2      | 2395 ||| IDENTIFYING fuming coppery potion
  2396 | D:2      | 2396 ||| DROPPING potion of brilliance.
  2558 | D:3      | 2558 ||| Stepping ~*~*~tactically~*~*~ (stealth).
  2559 | D:3      | 2559 ||| Stepping ~*~*~tactically~*~*~ (stealth).
  2905 | D:3      | Gained mutation: Your magical nature lets you fly swiftly
                  | and evasively. [Tengu growth]
  2905 | D:3      | Reached XP level 5. HP: 15/30 MP: 9/9
  3052 | D:3      | 3052 ||| DROPPING +0 whip.
  3404 | D:3      | 3404 ||| READING scroll labelled HAMYLE PESCHUX.
  3405 | D:3      | 3405 ||| READING scroll labelled XOADDE UMEHAAH.
  3406 | D:3      | 3406 ||| READING scroll labelled MUYCUZXOECA.
  3406 | D:3      | Identified a scroll of acquirement
  3406 | D:3      | 3406 ||| ACQUIRING amulet of reflection
  3406 | D:3      | Acquired an amulet of reflection
  3408 | D:3      | 3408 ||| UPGRADING to amulet of reflection.
  3413 | D:3      | 3413 ||| DRINKING 4 viscous orange potions.
  3414 | D:3      | 3414 ||| READING 5 scrolls of identify.
  3414 | D:3      | 3414 ||| IDENTIFYING bubbling ruby potion
  3415 | D:3      | 3415 ||| READING 4 scrolls of identify.
  3415 | D:3      | 3415 ||| IDENTIFYING bubbling inky potion
  3416 | D:3      | 3416 ||| READING 3 scrolls of identify.
  3416 | D:3      | 3416 ||| IDENTIFYING bubbling amethyst potion
  3417 | D:3      | 3417 ||| DROPPING potion of attraction.
  3418 | D:3      | 3418 ||| DROPPING potion of flight.
  3443 | D:4      | You are sucked into a shaft and drop 1 floor!
  3443 | D:5      | Entered Level 5 of the Dungeon
  3444 | D:5      | 3444 ||| PLANNING SEWER
  3451 | D:5      | Noticed a black bear
  3456 | D:5      | Killed a black bear
  3457 | D:5      | Reached skill level 6 in Axes
  3457 | D:5      | Reached XP level 6. HP: 35/35 MP: 10/10
  3526 | D:4      | Reached skill level 7 in Axes
  3646 | D:4      | 3646 ||| Stepping ~*~*~tactically~*~*~ (stealth).
  3708 | D:4      | 3708 ||| Stepping ~*~*~tactically~*~*~ (stealth).
  3754 | D:4      | 3754 ||| Stepping ~*~*~tactically~*~*~ (hiding).
  3912 | D:4      | HP: 9/36 [acid (5)]
  3914 | D:4      | Reached skill level 3 in Fighting
  4115 | D:4      | 4115 ||| RIP SEWER
  4142 | D:4      | 4142 ||| PLANNING D:1-11
  4249 | D:4      | Noticed Edmund
  4265 | D:4      | Killed Edmund
  4266 | D:4      | Reached XP level 7. HP: 10/40 MP: 11/11
  4273 | D:4      | Reached skill level 8 in Axes
  4567 | D:4      | 4567 ||| Stepping ~*~*~tactically~*~*~ (stealth).
  4757 | D:4      | 4757 ||| DRINKING 3 red potions.
  4796 | D:4      | 4796 ||| Stepping randomly (stuck).
  5089 | D:5      | 5089 ||| Stepping ~*~*~tactically~*~*~ (stealth).
  5103 | D:5      | Reached skill level 9 in Axes
  5114 | D:5      | Reached XP level 8. HP: 40/46 MP: 12/12
  5197 | D:5      | Found a hazy altar of Hepliaklqana.
  5230 | D:5      | 5230 ||| Stepping ~*~*~tactically~*~*~ (hiding).
  5235 | D:5      | 5235 ||| Stepping ~*~*~tactically~*~*~ (hiding).
  5249 | D:5      | 5249 ||| FLEEEEING.
  5250 | D:5      | 5250 ||| FLEEEEING.
  5251 | D:5      | 5251 ||| FLEEEEING.
  5257 | D:5      | 5257 ||| FLEEEEING.
  5263 | D:5      | 5263 ||| STAIRDANCE
  5302 | D:4      | 5302 ||| DROPPING scarf of invisibility.
  5303 | D:4      | 5303 ||| READING scroll labelled IJEEKL IREOSI.
  5306 | D:5      | 5306 ||| STAIRDANCE
  5494 | D:5      | Found a sparkling altar of Nemelex Xobeh.
  5494 | D:5      | Found a sacrificial altar of Ru.
  5498 | D:5      | Found an iron altar of Okawaru.
  5569 | D:5      | Became a worshipper of Warmaster Okawaru
  5571 | D:5      | Found a shimmering blue altar of Sif Muna.
  5572 | D:5      | Found a shadowy altar of Dithmenos.
  5572 | D:5      | Found an ancient bone altar of Kikubaaqudgha.
  5572 | D:5      | Found a glowing silver altar of Zin.
  5572 | D:5      | Found a white marble altar of Elyvilon.
  5573 | D:5      | Found a radiant altar of Vehumet.
  5574 | D:5      | Found a snail-covered altar of Cheibriados.
  5576 | D:5      | Found a broken altar of Ashenzari.
  5577 | D:5      | Found a hide-covered altar of Uskayaw.
  5842 | D:5      | Found a runed translucent door.
  5843 | D:5      | Noticed Crazy Yiuf
  5846 | D:5      | 5846 ||| READING scroll labelled WINAOR FUOKU.
  5902 | D:6      | Reached skill level 3 in Dodging
  5951 | D:6      | 5951 ||| FLEEEEING.
  5952 | D:6      | 5952 ||| FLEEEEING.
  5953 | D:6      | 5953 ||| FLEEEEING.
  5954 | D:6      | 5954 ||| FLEEEEING.
  5955 | D:6      | 5955 ||| FLEEEEING.
  5956 | D:6      | 5956 ||| STAIRDANCE
  6286 | D:6      | 6286 ||| SWAPPING to +0 war axe.
  6295 | D:6      | 6295 ||| DROPPING +2 hand axe.
  6389 | D:6      | Reached skill level 10 in Axes
  6553 | D:6      | Reached * piety under Okawaru
  6624 | D:6      | 6624 ||| Stepping ~*~*~tactically~*~*~ (stealth).
  6628 | D:6      | 6628 ||| INVOKING Heroism.
  6662 | D:6      | Reached skill level 1 in Invocations
  6662 | D:6      | Reached XP level 9. HP: 44/54 MP: 13/13
  6722 | D:6      | 6722 ||| Stepping ~*~*~tactically~*~*~ (hiding).
  6738 | D:6      | 6738 ||| Stepping ~*~*~tactically~*~*~ (stealth).
  6739 | D:6      | 6739 ||| Stepping ~*~*~tactically~*~*~ (stealth).
  7129 | D:6      | 7129 ||| UPGRADING to +0 chain mail.
  7139 | D:6      | 7139 ||| DROPPING +0 scale mail.
  7166 | D:7      | 7166 ||| Stepping ~*~*~tactically~*~*~ (stealth).
  7174 | D:7      | Reached skill level 3 in Armour
  7288 | D:7      | 7288 ||| Stepping ~*~*~tactically~*~*~ (stealth).
  7299 | D:7      | 7299 ||| INVOKING Heroism.
  7305 | D:7      | Reached skill level 3 in Invocations
  7324 | D:7      | 7324 ||| INVOKING Heroism.
  7450 | D:7      | 7450 ||| INVOKING Heroism.
  7472 | D:7      | Found a burning altar of Makhleb.
  7473 | D:7      | Found an ornate altar of the Wu Jian Council.
  7475 | D:7      | Found a glowing golden altar of the Shining One.
  7619 | D:7      | 7619 ||| Stepping ~*~*~tactically~*~*~ (stealth).
  7622 | D:7      | 7622 ||| INVOKING Heroism.
  7630 | D:7      | Reached ** piety under Okawaru
  7634 | D:7      | HP: 13/54 [poisoned by a killer bee]
  7635 | D:7      | 7635 ||| FLEEEEING.
  7636 | D:7      | 7636 ||| FLEEEEING.
  7637 | D:7      | 7637 ||| FLEEEEING.
  7638 | D:7      | 7638 ||| FLEEEEING.
  7639 | D:7      | 7639 ||| FLEEEEING.
  7640 | D:7      | 7640 ||| FLEEEEING.
  7641 | D:7      | 7641 ||| FLEEEEING.
  7642 | D:7      | 7642 ||| FLEEEEING.
  7643 | D:7      | 7643 ||| FLEEEEING.
  7644 | D:7      | 7644 ||| FLEEEEING.
  7645 | D:7      | 7645 ||| FLEEEEING.
  7646 | D:7      | 7646 ||| FLEEEEING.
  7647 | D:7      | 7647 ||| FLEEEEING.
  7648 | D:7      | 7648 ||| FLEEEEING.
  7649 | D:7      | 7649 ||| FLEEEEING.
  7650 | D:7      | 7650 ||| FLEEEEING.
  7651 | D:7      | 7651 ||| FLEEEEING.
  7652 | D:7      | 7652 ||| FLEEEEING.
  7657 | D:7      | 7657 ||| FLEEEEING.
  7658 | D:7      | 7658 ||| FLEEEEING.
  7661 | D:7      | 7661 ||| FLEEEEING.
  7666 | D:7      | 7666 ||| FLEEEEING.
  7667 | D:7      | 7667 ||| FLEEEEING.
  7668 | D:7      | 7668 ||| FLEEEEING.
  7669 | D:7      | 7669 ||| FLEEEEING.
  7670 | D:7      | 7670 ||| FLEEEEING.
  7671 | D:7      | 7671 ||| FLEEEEING.
  7672 | D:7      | 7672 ||| FLEEEEING.
  7680 | D:7      | 7680 ||| FLEEEEING.
  7681 | D:7      | 7681 ||| FLEEEEING.
  7694 | D:7      | 7694 ||| FLEEEEING.
  7699 | D:7      | 7699 ||| FLEEEEING.
  7700 | D:7      | 7700 ||| FLEEEEING.
  7701 | D:7      | 7701 ||| FLEEEEING.
  7716 | D:7      | 7716 ||| FLEEEEING.
  7717 | D:7      | 7717 ||| FLEEEEING.
  7718 | D:7      | 7718 ||| FLEEEEING.
  7719 | D:7      | 7719 ||| FLEEEEING.
  7720 | D:7      | 7720 ||| FLEEEEING.
  7721 | D:7      | 7721 ||| FLEEEEING.
  7722 | D:7      | 7722 ||| FLEEEEING.
  7723 | D:7      | 7723 ||| FLEEEEING.
  7724 | D:7      | 7724 ||| FLEEEEING.
  7726 | D:7      | 7726 ||| STAIRDANCE
  7997 | D:7      | Found a staircase to the Ecumenical Temple.
  8211 | D:7      | 8211 ||| INVOKING Heroism.
  8215 | D:7      | HP: 12/54 [wight/+4 war axe of freezing (13)]
  8216 | D:7      | 8216 ||| READING 3 scrolls of teleportation.
  8216 | D:7      | HP: 3/52 [wight/+4 war axe of freezing (3)]
  8217 | D:7      | 8217 ||| DRINKING 4 potions of heal wounds.
  8220 | D:7      | Reached skill level 11 in Axes
  8449 | D:7      | 8449 ||| SWAPPING to +4 war axe of freezing.
  8450 | D:7      | 8450 ||| DROPPING +0 war axe.
  8475 | D:7      | 8475 ||| INVOKING Heroism.
  8606 | D:7      | 8606 ||| UPGRADING to +0 plate armour.
  8616 | D:7      | 8616 ||| DROPPING +0 chain mail.
  8617 | D:7      | 8617 ||| UPGRADING to +2 pair of gloves.
  8683 | D:8      | Noticed a hornet
  8688 | D:8      | Paralysed by a hornet for 1 turns
  8690 | D:8      | 8690 ||| INVOKING Heroism.
  8691 | D:8      | Killed a hornet
  8922 | D:8      | 8922 ||| INVOKING Heroism.
  8928 | D:8      | Reached XP level 10. HP: 59/59 MP: 11/14
  8929 | D:8      | Reached skill level 6 in Armour
  8974 | D:8      | Found a staircase to the Lair.
  8975 | D:8      | 8975 ||| INVOKING Heroism.
  9050 | D:8      | 9050 ||| INVOKING Heroism.
  9112 | D:8      | 9112 ||| INVOKING Heroism.
  9118 | D:8      | Reached skill level 3 in Throwing
  9120 | D:8      | Reached skill level 12 in Axes
  9137 | D:8      | 9137 ||| INVOKING Heroism.
  9141 | D:8      | Reached *** piety under Okawaru
  9142 | D:8      | Reached skill level 6 in Fighting
  9299 | D:8      | Noticed Pikel
  9300 | D:8      | 9300 ||| Stepping ~*~*~tactically~*~*~ (stealth).
  9311 | D:8      | 9311 ||| INVOKING Heroism.
  9320 | D:8      | Killed Pikel
  9468 | D:8      | 9468 ||| Stepping ~*~*~tactically~*~*~ (stealth).
  9693 | D:8      | Identified the +2 robe of Optimism {rC+ Dex+5}
  9839 | D:8      | 9839 ||| DROPPING amulet of regeneration.
  9840 | D:8      | 9840 ||| PLANNING LAIR
  9867 | Lair:1   | Entered Level 1 of the Lair of Beasts
  9898 | Lair:1   | Noticed an elephant
  9899 | Lair:1   | Noticed an elephant
  9901 | Lair:1   | Noticed an elephant
  9909 | Lair:1   | Noticed an elephant
  9910 | Lair:1   | Killed an elephant
  9911 | Lair:1   | Noticed an elephant
  9918 | Lair:1   | 9918 ||| INVOKING Heroism.
  9924 | Lair:1   | Killed an elephant
  9925 | Lair:1   | Reached skill level 13 in Axes
  9927 | Lair:1   | Killed an elephant
  9930 | Lair:1   | Killed an elephant
  9930 | Lair:1   | Reached **** piety under Okawaru
  9935 | Lair:1   | Killed an elephant
  9936 | Lair:1   | Reached XP level 11. HP: 63/64 MP: 13/15
  9948 | Lair:1   | 9948 ||| INVOKING Heroism.
 10044 | Lair:1   | 10044 ||| INVOKING Heroism.
 10088 | Lair:1   | Noticed Gastronok
 10089 | Lair:1   | 10089 ||| Stepping ~*~*~tactically~*~*~ (hiding).
 10090 | Lair:1   | 10090 ||| INVOKING Heroism.
 10100 | Lair:1   | Killed Gastronok
 10271 | Lair:1   | Noticed a catoblepas
 10272 | Lair:1   | 10272 ||| Stepping ~*~*~tactically~*~*~ (cloud).
 10274 | Lair:1   | 10274 ||| INVOKING Heroism.
 10275 | Lair:1   | 10275 ||| Stepping ~*~*~tactically~*~*~ (cloud).
 10282 | Lair:1   | 10282 ||| Stepping ~*~*~tactically~*~*~ (cloud).
 10283 | Lair:1   | 10283 ||| Stepping ~*~*~tactically~*~*~ (cloud).
 10285 | Lair:1   | 10285 ||| Stepping ~*~*~tactically~*~*~ (cloud).
 10286 | Lair:1   | HP: 15/64 [catoblepas (15)]
 10287 | Lair:1   | 10287 ||| READING 5 scrolls of teleportation.
 10288 | Lair:1   | 10288 ||| DRINKING 3 potions of heal wounds.
 10289 | Lair:1   | 10289 ||| Stepping ~*~*~tactically~*~*~ (cloud).
 10300 | Lair:1   | 10300 ||| INVOKING Heroism.
 10301 | Lair:1   | Received a gift from Okawaru
 10302 | Lair:1   | Reached skill level 14 in Axes
 10487 | Lair:1   | 10487 ||| Stepping ~*~*~tactically~*~*~ (hiding).
 10495 | Lair:1   | Reached skill level 6 in Invocations
 10638 | Lair:1   | 10638 ||| INVOKING Heroism.
 10641 | Lair:1   | 10641 ||| Stepping ~*~*~tactically~*~*~ (cloud).
 10648 | Lair:1   | Killed a catoblepas
 10648 | Lair:1   | Reached ***** piety under Okawaru
 10648 | Lair:1   | Received a gift from Okawaru
 10842 | Lair:1   | 10842 ||| INVOKING Heroism.
 10951 | Lair:1   | 10951 ||| UPGRADING to +0 hat of willpower.
 11020 | Lair:2   | 11020 ||| INVOKING Heroism.
 11053 | Lair:2   | 11053 ||| INVOKING Heroism.
 11079 | Lair:2   | 11079 ||| FLEEEEING.
 11080 | Lair:2   | 11080 ||| FLEEEEING.
 11200 | Lair:2   | 11200 ||| INVOKING Heroism.
 11271 | Lair:2   | 11271 ||| READING scroll of enchant weapon.
 11271 | Lair:2   | 11271 ||| ENCHANTING +4 war axe of freezing.
 11312 | Lair:2   | Noticed a seven-headed hydra
 11313 | Lair:2   | 11313 ||| INVOKING Heroism.
 11314 | Lair:2   | 11314 ||| INVOKING Finesse.
 11316 | Lair:2   | 11316 ||| SWAPPING to +0 morningstar.
 11327 | Lair:2   | Killed a seven-headed hydra
 11328 | Lair:2   | 11328 ||| SWAPPING to +5 war axe of freezing.
 11468 | Lair:2   | 11468 ||| INVOKING Heroism.
 11506 | Lair:2   | Noticed an eight-headed hydra
 11507 | Lair:2   | 11507 ||| INVOKING Heroism.
 11508 | Lair:2   | 11508 ||| INVOKING Finesse.
 11510 | Lair:2   | 11510 ||| SWAPPING to +0 morningstar.
 11518 | Lair:2   | Killed an eight-headed hydra
 11519 | Lair:2   | Reached XP level 12. HP: 58/72 MP: 11/18
 11519 | Lair:2   | 11519 ||| SWAPPING to +5 war axe of freezing.
 11589 | Lair:2   | 11589 ||| READING scroll of enchant weapon.
 11589 | Lair:2   | 11589 ||| ENCHANTING +5 war axe of freezing.
 11595 | Lair:2   | 11595 ||| INVOKING Heroism.
 11779 | Lair:2   | 11779 ||| INVOKING Heroism.
 11835 | Lair:2   | 11835 ||| INVOKING Heroism.
 12025 | Lair:2   | 12025 ||| INVOKING Heroism.
 12035 | Lair:2   | Received a gift from Okawaru
 12125 | Lair:2   | 12125 ||| Stepping ~*~*~tactically~*~*~ (hiding).
 12359 | Lair:2   | 12359 ||| DROPPING scarf of repulsion.
 12360 | Lair:2   | 12360 ||| READING 6 scrolls of identify.
 12360 | Lair:2   | 12360 ||| IDENTIFYING fizzy pink potion
 12361 | Lair:2   | 12361 ||| DROPPING potion of lignification.
 12392 | Lair:3   | 12392 ||| Stepping ~*~*~tactically~*~*~ (stealth).
 12394 | Lair:3   | 12394 ||| Stepping ~*~*~tactically~*~*~ (stealth).
 12400 | Lair:3   | 12400 ||| INVOKING Heroism.
 12401 | Lair:3   | 12401 ||| Stepping ~*~*~tactically~*~*~ (stealth).
 12427 | Lair:3   | 12427 ||| INVOKING Heroism.
 12428 | Lair:3   | Received a gift from Okawaru
 12596 | Lair:3   | 12596 ||| DROPPING +1 war axe of freezing.
 12617 | Lair:3   | 12617 ||| INVOKING Heroism.
 12631 | Lair:3   | 12631 ||| FLEEEEING.
 12632 | Lair:3   | 12632 ||| FLEEEEING.
 12633 | Lair:3   | 12633 ||| FLEEEEING.
 12634 | Lair:3   | 12634 ||| FLEEEEING.
 12636 | Lair:3   | 12636 ||| FLEEEEING.
 12637 | Lair:3   | 12637 ||| FLEEEEING.
 12836 | Lair:3   | Noticed a catoblepas
 12837 | Lair:3   | 12837 ||| Stepping ~*~*~tactically~*~*~ (cloud).
 12848 | Lair:3   | 12848 ||| INVOKING Heroism.
 12849 | Lair:3   | 12849 ||| Stepping ~*~*~tactically~*~*~ (cloud).
 12851 | Lair:3   | 12851 ||| INVOKING Finesse.
 12852 | Lair:3   | 12852 ||| Stepping ~*~*~tactically~*~*~ (cloud).
 12863 | Lair:3   | Killed a catoblepas
 12864 | Lair:3   | Reached skill level 9 in Invocations
 12911 | Lair:3   | 12911 ||| INVOKING Heroism.
 12955 | Lair:3   | 12955 ||| INVOKING Heroism.
 12956 | Lair:3   | 12956 ||| Stepping ~*~*~tactically~*~*~ (cloud).
 12988 | Lair:3   | 12988 ||| Stepping ~*~*~tactically~*~*~ (hiding).
 12998 | Lair:3   | 12998 ||| INVOKING Heroism.
 13004 | Lair:3   | Reached skill level 15 in Axes
 13008 | Lair:3   | HP: 18/72 [elephant (6)]
 13009 | Lair:3   | 13009 ||| READING 5 scrolls of teleportation.
 13010 | Lair:3   | 13010 ||| DRINKING 2 potions of heal wounds.
 13013 | Lair:3   | 13013 ||| DRINKING potion of heal wounds.
 13027 | Lair:3   | HP: 17/72 [redback (5)]
 13028 | Lair:3   | 13028 ||| READING 4 scrolls of teleportation.
 13029 | Lair:3   | 13029 ||| DRINKING 4 potions of curing.
 13029 | Lair:3   | 13029 ||| (to cure bad poison)
 13029 | Lair:3   | HP: 6/72 [black mamba (11)]
 13030 | Lair:3   | HP: 2/72 [poisoned by a black mamba]
 13030 | Lair:3   | Slain by a redback

Levels and vault maps discovered:
D:1:      dpeg_arrival_stone_temple_mockup, layout_loops_ring, serial_shops,
          nicolae_shop_window_shopping, shapermc_ecumenical_altar_pompeii
D:2:      layout_loops_corners, minmay_small_reverse_x, uniq_jessica
D:3:      layout_basic, minivault_11
D:4:      minmay_recursive_quarters, layout_cave_pools, gup_sewer_entry_bowl,
          minmay_bisected, uniq_edmund
D:5:      layout_loops_ring, lemuel_tele_altar, minitemple,
          uniq_crazy_yiuf_cottage
D:6:      layout_basic
D:7:      layout_loops_corners, grunt_temple_overflow_open, temple_statues
D:8:      layout_gridville, grunt_lair_entry_orc_guard_hut, uniq_pikel
Lair:1:   layout_misc_corridors, nicolae_lair_grazing_beasts
          [nicolae_sub_lair_graze_edge, nicolae_sub_lair_graze_edge,
          nicolae_sub_lair_graze_edge, nicolae_sub_lair_graze_edge],
          grunt_megastairs_3, uniq_gastronok
Lair:2:   layout_hall_layers
Lair:3:   layout_loops_ring, minmay_shoals_entry_lonely_mermaid,
          spider_nest_entry_funnel_web, infiniplex_staircase_pool_2

Skill      XL: |  1  2  3  4  5  6  7  8  9 10 11 12 |
---------------+-------------------------------------+-----
Axes           | 3 4 5 6 7 9 10 11 13 14 15 | 15.0
Fighting       | 3 5 6 7 |  7.4
Armour         | 2 5 7 8 |  8.0
Throwing       | 2 3 4 5 |  5.0
Dodging        | 3 4 |  4.0
Invocations    | 1 4 7 9 |  9.6
Spellcasting   | |  2.0
Translocations | |  2.4

Action                   |  1- 3 |  4- 6 |  7- 9 | 10-12 || total
-------------------------+-------+-------+-------+-------++-------
Melee: Hand axe          |    56 |   145 |   124 |       ||   325
       Kick              |    15 |    38 |    81 |   137 ||   271
       Peck              |    13 |    23 |    56 |    72 ||   164
       Punch             |       |     2 |     3 |    16 ||    21
       War axe           |       |       |   159 |   304 ||   463
       Morningstar       |       |       |       |    15 ||    15
Throw: Boomerang         |     7 |    18 |    62 |     6 ||    93
       Javelin           |       |    24 |     5 |    57 ||    86
Invok: Heroism           |       |       |     9 |    30 ||    39
       Finesse           |       |       |       |     3 ||     3
  Use: Scroll            |     6 |    10 |     3 |     6 ||    25
       Potion            |     1 |     1 |     2 |     4 ||     8
 Stab: Distracted        |       |     1 |       |       ||     1
Armor: Leather armour    |     6 |       |       |       ||     6
       Scale mail        |     5 |    30 |    54 |       ||    89
       Chain mail        |       |       |    16 |       ||    16
       Plate armour      |       |       |    10 |   150 ||   160
Dodge: Dodged            |    23 |    88 |   171 |   163 ||   445
Block: Other             |       |    11 |    54 |    56 ||   121
       Reflection        |       |       |     4 |       ||     4

Table legend:
 A = Non-vault XP
 B = Vault XP
 C = Vault XP percentage of total XP
 D = Non-vault monster count
 E = Vault monster count
 F = Vault count percentage of total count
                 A         B        C        D         E       F
            +---------+---------+-------+---------+---------+-------
      Total |   22826 |    6571 |  22.4 |     236 |      34 |  12.6
            +---------+---------+-------+---------+---------+-------
        D:1 |      40 |       0 |   0.0 |      21 |       0 |   0.0
        D:2 |      49 |      48 |  49.5 |      18 |       5 |  21.7
        D:3 |      76 |       0 |   0.0 |      11 |       0 |   0.0
        D:4 |     345 |     333 |  49.1 |      19 |      15 |  44.1
        D:5 |     610 |       0 |   0.0 |      16 |       0 |   0.0
        D:6 |    1269 |       0 |   0.0 |      31 |       0 |   0.0
        D:7 |    1295 |       0 |   0.0 |      31 |       0 |   0.0
        D:8 |    1900 |    1174 |  38.2 |      30 |       5 |  14.3
     Lair:1 |    3196 |    4023 |  55.7 |      10 |       7 |  41.2
     Lair:2 |    7016 |       0 |   0.0 |      25 |       0 |   0.0
     Lair:3 |    7030 |     993 |  12.4 |      24 |       2 |   7.7
            +---------+---------+-------+---------+---------+-------
